 Dungeon Crawl Stone Soup version 0.18-a0-1789-gbeff17f (webtiles) character file.

758 Mefis the Magician (level 8, -1/53 HPs)
             Began as a Human Wizard on Apr 21, 2016.
             Was a Follower of Sif Muna.
             Shot with an arrow by a centaur (14 damage)
             ... on level 6 of the Dungeon on Apr 22, 2016.
             The game lasted 01:22:48 (7352 turns).

Mefis the Magician (Human Wizard)                   Turns: 7352, Time: 01:22:49

Health: -1/53      AC:  3    Str:  8    XL:     8   Next: 7%
Magic:  1/15       EV: 13    Int: 21    God:    Sif Muna [*.....]
Gold:   226        SH:  0    Dex: 14    Spells: 7 memorised, 2 levels left

rFire  . . .     SeeInvis .     K - +1 war axe "Vejuack" {flame, rN+ Dex+3 Stlth+}
rCold  . . .     Gourm    .     a - +1 robe
rNeg   + . .     Faith    .     (no shield)
rPois  .         Spirit   .     (no helmet)
rElec  .         Dismiss  .     (no cloak)
rCorr  .         Reflect  .     (no gloves)
SustAt .         Harm     .     (no boots)
MR     .....                    (no amulet)
Stlth  ++++......               (no ring)
                                j - ring of stealth

@: repel missiles, not resistant to hostile enchantments, stealthy
A: no striking features
a: Channel Energy, Renounce Religion


You were on level 6 of the Dungeon.
You worshipped Sif Muna.
Sif Muna was aware of your devotion.
You were not hungry.

You visited 1 branch of the dungeon, and saw 6 of its levels.

You collected 226 gold pieces.

Inventory:

Hand Weapons
 o - a +0 vampiric dagger
 r - a +0 spear
 t - a +2 dagger of venom
 u - a +2 dagger of speed
 z - a +0 hunting sling
 A - a +0 antimagic war axe
 E - a +0 dagger of holy wrath
 I - a +0 dagger of protection
 K - the +1 war axe "Vejuack" (weapon) {flame, rN+ Dex+3 Stlth+}
   (You found it on level 4 of the Dungeon)

   It has been specially enchanted to burn those struck by it, causing extra
   injury to most foes and up to half again as much damage against particularly
   susceptible opponents.
   Big, fiery blades are also staple armaments of hydra-hunters.
   It affects your dexterity (+3).
   It protects you from negative energy.
   It makes you more stealthy.
Missiles
 h - 59 arrows
 i - 10 sling bullets
 k - 164 stones
 D - 2 tomahawks (quivered)
Armour
 a - a +1 robe (worn)
 b - a +0 hat
 m - a +0 helmet
 O - a +0 pair of boots
Jewellery
 j - a ring of stealth (left hand)
Wands
 H - a wand of lightning (0/15)
 M - a wand of random effects (27/48)
Scrolls
 e - 2 scrolls of enchant armour
 p - 2 scrolls of noise
 s - a scroll of identify
 x - a scroll of immolation
 y - 3 scrolls of remove curse
 C - 2 scrolls of random uselessness
Potions
 f - 2 potions of cure mutation
 g - 2 potions of degeneration
 q - a potion of might {unknown}
 v - a potion of agility {unknown}
 w - 2 potions of flight {unknown}
 B - a potion of heal wounds {unknown}
 G - a potion of berserk rage {unknown}
 J - a potion of curing
 N - a potion of magic {unknown}
Books
 c - a book of Minor Magic

   Spells                             Type                      Level
   a - Magic Dart                     Conjuration                  1
   b - Blink                          Translocation                2
   c - Call Imp                       Summoning                    2
   d - Repel Missiles                 Charms/Air                   2
   e - Slow                           Hexes                        2
   f - Conjure Flame                  Conjuration/Fire             3
   g - Mephitic Cloud                 Conjuration/Poison/Air       3
Comestibles
 d - 2 bread rations
 l - 3 meat rations
 F - 2 beef jerkies


   Skills:
 + Level 0.8 Fighting
 + Level 0.2 Axes
 + Level 0.2(0.5) Slings
 + Level 0.8 Throwing
 + Level 2.9 Dodging
 + Level 2.7 Stealth
 + Level 5.0 Spellcasting
 + Level 2.0 Conjurations
 + Level 3.2 Summonings
 * Level 2.6 Translocations
 * Level 2.8 Air Magic
 * Level 2.4 Poison Magic


You had 2 spell levels left.
You knew the following spells:

 Your Spells              Type           Power        Failure   Level  Hunger
a - Magic Dart            Conj           ##..         6%          1    None
b - Call Imp              Summ           ###.....     4%          2    None
c - Blink                 Tloc           N/A          8%          2    None
d - Repel Missiles        Chrm/Air       ##....       12%         2    None
e - Mephitic Cloud        Conj/Pois/Air  ###.....     14%         3    ##.....
f - Conjure Flame         Conj/Fire      #.......     24%         3    ##.....
g - Slow                  Hex            #.......     17%         2    None


Dungeon Overview and Level Annotations

Branches:
Dungeon (6/15)
 Temple: D:4-7

Altars:
Sif Muna

Portals:
Sewer: D:5

Annotations:
D:5 Eustachio, Pikel


Message History

Your crimson imp dies!
Items here: ))) [[[ † Read which item? (? for menu, Esc to quit)
Okay, then.
Drink which item? (? for menu, Esc to quit)
You feel better.
The centaur shoots an arrow.
The arrow hits you.
Your crimson imp hits the centaur but does no damage.
Casting: Call Imp
Confirm with . or Enter, or press ? or * to list all spells.
You feel protected from missiles.
The centaur shoots an arrow.
The arrow misses you.
Your crimson imp hits the centaur.
The centaur shoots an arrow.
The arrow closely misses you.
The centaur shoots an arrow.
The arrow closely misses you.
Your crimson imp blinks!
The centaur shoots an arrow.
The arrow barely misses you.
The centaur shoots an arrow.
The arrow hits you!
* * * LOW HITPOINT WARNING * * *
You see here an arrow.
The centaur shoots an arrow.
The arrow hits you!
You die...

.....#.. ( .....#. ##### ..
..... #...## ..s ....# ##....##
..c.... ...5 #...# #......#
...... ...a.###...# ###......##
#...(. ..>....#..# #.........#
#..c.. ......>...#
##.(.c....###.....
$.........####@.####....##.....
.......##.##......###..## #....
.......##.#.........(..#####(..
.S................S.(...(((c...
########......#################
########


You could see a centaur and an adder.

Vanquished Creatures
  Duvessa (D:4)
  An orc priest (D:3)
  A hound (D:4)
  2 iguanas (D:4)
  3 orc wizards
  2 worker ants
  A gnoll (D:4)
  5 adders
  A shadow imp (D:4)
  2 worms
  A dart slug (D:1)
  4 giant geckos
  9 orcs
  7 bats
  6 giant cockroaches
  9 goblins
  7 hobgoblins
  5 kobolds
  2 giant newts
  6 rats
75 creatures vanquished.

Vanquished Creatures (collateral kills)
  A slave (D:4)
  Blork the orc (D:5)
  Dowan (D:4)
  2 orc priests
  A hound (D:4)
  5 orc wizards
  2 worker ants (D:4)
  6 gnolls
  2 river rats
  4 worms
  A giant gecko (D:1)
  9 orcs
  2 bats (D:1)
  2 giant cockroaches
  A goblin (D:1)
  A hobgoblin (D:1)
  8 jackals
  A ball python (D:5)
  2 kobolds
  A rat (D:1)
53 creatures vanquished.

Grand Total: 128 creatures vanquished

Notes
Turn   | Place    | Note
--------------------------------------------------------------
     0 | D:1      | Mefis the Human Wizard began the quest for the Orb.
     0 | D:1      | Reached XP level 1. HP: 13/13 MP: 4/4
    64 | D:1      | Reached XP level 2. HP: 9/19 MP: 3/6
    68 | D:1      | Learned a level 2 spell: Call Imp
    71 | D:1      | Learned a level 2 spell: Blink
    74 | D:1      | Learned a level 2 spell: Repel Missiles
  1239 | D:1      | Reached XP level 3. HP: 6/24 MP: 1/7
  2666 | D:2      | Reached XP level 4. HP: 31/31 MP: 7/9
  3508 | D:3      | Learned a level 3 spell: Mephitic Cloud
  3787 | D:3      | Reached XP level 5. HP: 31/36 MP: 6/10
  3807 | D:3      | Reached skill level 4 in Spellcasting
  3925 | D:3      | Found a deep blue altar of Sif Muna.
  4261 | D:3      | Became a worshipper of Sif Muna the Loreminder
  4631 | D:3      | Reached skill level 1 in Air Magic
  4684 | D:3      | Reached XP level 6. HP: 23/42 MP: 7/12
  4689 | D:3      | Learned a level 3 spell: Conjure Flame
  5350 | D:4      | Got a dazzling war axe
  5367 | D:4      | Reached skill level 1 in Poison Magic
  5368 | D:4      | Identified the +1 war axe "Vejuack" {flame, rN+ Dex+3 Stlth+} (You found it on level 4 of the Dungeon)
  5480 | D:4      | Noticed Duvessa
  5509 | D:4      | Noticed Dowan
  5518 | D:4      | Killed Dowan
  6098 | D:4      | Reached XP level 7. HP: 34/47 MP: 2/14
  6102 | D:4      | Learned a level 2 spell: Slow
  6164 | D:4      | Reached * piety under Sif Muna
  6418 | D:4      | Killed Duvessa
  6743 | D:5      | Entered Level 5 of the Dungeon
  7000 | D:5      | Noticed Blork the orc
  7001 | D:5      | Found a glowing drain.
  7021 | D:5      | Killed Blork the orc
  7021 | D:5      | Reached skill level 5 in Spellcasting
  7112 | D:5      | Noticed Pikel
  7202 | D:5      | Noticed Eustachio
  7337 | D:6      | Reached XP level 8. HP: 17/53 MP: 1/15
  7352 | D:6      | Shot with an arrow by a centaur

Vault maps used:
D:1:      tarquinn_simple_flora_water_b, interstate_on_off
D:2:      lemuel_upstairs_altar
D:3:      nicolae_overflow_crystal_walls
D:4:      first_bread, uniq_duvessa
D:5:      minmay_goblin_kobold_castle, tgw_xom, portal_sewer_entry_a,
          uniq_pikel, uniq_blork_the_orc, uniq_eustachio,
          uniq_crazy_yiuf_cottage
D:6:      minmay_flawed_box, zin_angel, minmay_temple_entry_poolview

Skill      XL: |  1  2  3  4  5  6  7  8 |
---------------+-------------------------+-----
Summonings     | 2 3 |  3.2
Spellcasting   | 4 5 |  5.0
Air Magic      | 1 2 |  2.8
Poison Magic   | 1 2 |  2.4
Translocations | 2 |  2.6
Conjurations   | 2 |  2.0
Fighting       | |  0.8
Axes           | |  0.2
Slings         | |  0.2
Throwing       | |  0.8
Dodging        | |  2.9
Stealth        | |  2.7

Action                   |  1- 3 |  4- 6 |  7- 9 || total
-------------------------+-------+-------+-------++-------
Melee: Dagger            |    25 |    20 |       ||    45
       Spear             |     3 |       |       ||     3
       War axe           |       |    14 |    17 ||    31
 Fire: Hunting sling     |       |     6 |       ||     6
Throw: Stone             |     9 |    25 |       ||    34
       Tomahawk          |       |    34 |    19 ||    53
 Cast: Magic Dart        |    52 |    52 |    25 ||   129
       Call Imp          |    16 |    56 |    23 ||    95
       Repel Missiles    |     1 |     1 |     1 ||     3
       Mephitic Cloud    |       |     8 |     6 ||    14
       Blink             |       |     1 |     6 ||     7
       Conjure Flame     |       |       |     2 ||     2
Evoke: Wand              |       |       |     3 ||     3
  Use: Potion            |     2 |     1 |     1 ||     4
       Scroll            |       |     6 |     3 ||     9
 Stab: Sleeping          |     5 |     2 |     1 ||     8
       Distracted        |       |       |     1 ||     1
  Eat: Chunk             |     3 |     3 |     1 ||     7
       Bread ration      |     1 |     1 |     1 ||     3
       Meat ration       |       |     1 |       ||     1
Armor: Robe              |     4 |    13 |    10 ||    27
Dodge: Dodged            |    23 |    37 |    62 ||   122
       Deflected         |     1 |     1 |     1 ||     3
